 Dungeon Crawl Stone Soup version 0.28.0-43-g3370ac3207 (webtiles) character file.

Game seed: 215063943659978499

439 sanboga the Covered (level 7, -2/44 HPs)
             Began as a Gargoyle Fighter on Mar 3, 2022.
             Slain by a gnoll
             ... wielding a +0 flail
              (4 damage)
             ... on level 4 of the Dungeon.
             The game lasted 00:08:13 (4559 turns).

sanboga the Covered (Gargoyle Fighter)              Turns: 4559, Time: 00:08:14

Health: -2/44      AC: 14    Str: 21    XL:     7   Next: 1%
Magic:  7/7        EV:  7    Int:  9    God:
Gold:   94         SH:  4    Dex:  9    Spells: 6/6 levels left

rFire   . . .      SeeInvis .   a - +0 war axe
rCold   . . .      Faith    .   c - +0 buckler
rNeg    + . .      Spirit   .   q - +0 chain mail
rPois   ∞          Reflect  .   (no helmet)
rElec   +          Harm     .   (no cloak)
rCorr   .          Rampage  .   (no gloves)
Will    .....                   (no boots)
Stlth   ..........              (no amulet)
HPRegen 0.14/turn               (no ring)
MPRegen 0.10/turn               (no ring)

@: mighty
A: sickness immunity, AC +4, negative energy resistance 1, electricity
resistance, torment resistance 1, petrification resistance
a: no special abilities


You were on level 4 of the Dungeon.
You visited 2 branches of the dungeon, and saw 6 of its levels.
You also visited: Sewer.

You collected 94 gold pieces.

Inventory:

Hand Weapons
 a - a +0 war axe (weapon)
Armour
 c - a +0 buckler (worn)
 q - a +0 chain mail (worn)
Jewellery
 o - a ring of fire
Wands
 i - a wand of paralysis (12)
 n - a wand of charming (13)
Scrolls
 b - a scroll of magic mapping {unknown}
 h - a scroll of identify {unknown}
 j - a scroll of amnesia {unknown}
 k - a scroll of teleportation {unknown}
 p - a scroll of torment {unknown}
 r - a scroll of fear {unknown}
Potions
 e - 8 potions of curing
 f - a potion of haste {unknown}
 g - 2 potions of degeneration {unknown}
 l - 5 potions of flight
 m - 3 potions of heal wounds


   Skills:
 + Level 4.7 Fighting
 * Level 4.3 Axes
 + Level 4.8 Armour
 + Level 4.6 Shields


You had 6 spell levels left.
You didn't know any spells.
Your spell library was empty.

Dungeon Overview and Level Annotations

Branches:
Dungeon (5/15)             Temple (1/1) D:4           Sewer (visited)

Altars:
Elyvilon
Fedhas
Gozag
Hepliaklqana
Kikubaaqudgha
Makhleb
Okawaru
Qazlal
Ru
Vehumet


Innate Abilities, Weirdness & Mutations

You are immune to sickness and miasma.
Your stone body is resilient. (AC +4)
You are immune to poison.
You resist negative energy. (rN+)
You are resistant to electric shocks. (rElec)
You are resistant to unholy torment.
You are immune to petrification.


Message History

The gnoll is almost dead.
You miss the adder. The adder barely misses you.
The gnoll hits you but does no damage. You block the gnoll's attack.
The adder bites you but does no damage. The gnoll hits you with a +0 flail.
You slash the gnoll!
You kill the gnoll!
You barely miss the adder. You barely miss the gnoll.
You block the gnoll's attack. The adder bites you but does no damage.
The hound skeleton bites you but does no damage.
You block the gnoll's attack. The gnoll hits you but does no damage.
You hit the gnoll.
The gnoll is heavily wounded.
You hit the adder. You slash the hound skeleton! The adder barely misses you.
The hound skeleton closely misses you. The gnoll hits you with a +0 flail.
The gnoll barely misses you. The adder bites you.
You hit the adder.
You kill the adder!
You barely miss the gnoll. You completely miss the gnoll.
The gnoll hits you but does no damage. x2
The hound skeleton barely misses you. The gnoll barely misses you.
The gnoll hits you but does no damage. x2
You feel very mighty all of a sudden.
The hound skeleton bites you but does no damage.
The gnoll hits you but does no damage. The gnoll barely misses you.
The gnoll hits you with a +0 flail.
You slash the hound skeleton!
You destroy the hound skeleton!
You closely miss the gnoll. You hit the gnoll.
The gnoll hits you with a +0 flail!
* * * LOW HITPOINT WARNING * * *
The gnoll barely misses you.
The gnoll hits you from afar with a +0 halberd!
* * * LOW HITPOINT WARNING * * *
You have reached level 7!
You slash the gnoll!
The gnoll is severely wounded.
You slash the gnoll!
You kill the gnoll!
The gnoll hits you but does no damage. The gnoll hits you with a +0 flail.
You die...

#. #. #.# . #.
#.# #.#. ..#
####.#. #.#
.......#### #.#
..........# #.#
......)##.###.#
......†@......#
.....gg)......#
...##.........# .
#.........#
#.........#
##.........#
...........######
.#.....#........#
....##.......#


You could see 2 gnolls.

Vanquished Creatures
  2 kobold brigands (Sewer)
  Jessica (D:3)
  2 hound skeletons
  10 gnolls
  6 adders
  2 river rats (Sewer)
  2 worms (D:2)
  3 dart slugs
  10 bats
  5 endoplasms
  3 giant cockroaches (D:4)
  5 goblins
  4 hobgoblins
  8 jackals
  11 quokkas
  5 ball pythons
  3 frilled lizards
  8 kobolds
  7 rats
97 creatures vanquished.

Vanquished Creatures (others)
  3 plants (D:1)
3 creatures vanquished.

Grand Total: 100 creatures vanquished

Notes
Turn   | Place    | Note
-------+----------+-------------------------------------------
     0 | D:1      | sanboga the Gargoyle Fighter began the quest for the Orb.
     0 | D:1      | Reached XP level 1. HP: 14/14 MP: 1/1
   189 | D:1      | Reached XP level 2. HP: 19/19 MP: 2/2
   419 | D:1      | Reached XP level 3. HP: 19/23 MP: 3/3
  1010 | D:2      | Found a faded altar of an unknown god.
  1443 | D:2      | Reached XP level 4. HP: 18/29 MP: 4/4
  2040 | D:2      | Reached XP level 5. HP: 33/33 MP: 5/5
  2478 | D:3      | Noticed Jessica
  2487 | D:3      | Killed Jessica
  2935 | D:3      | Found a burning altar of Makhleb.
  3284 | D:4      | Found a glowing drain.
  3310 | Sewer    | Entered a sewer
  3320 | Sewer    | Reached XP level 6. HP: 27/38 MP: 6/6
  3707 | Sewer    | Found a white marble altar of Elyvilon.
  3806 | D:5      | Entered Level 5 of the Dungeon
  4224 | D:4      | Found a staircase to the Ecumenical Temple.
  4247 | Temple   | Entered the Ecumenical Temple
  4559 | D:4      | Reached XP level 7. HP: 2/44 MP: 7/7
  4559 | D:4      | Slain by a gnoll

Illustrated notes

Levels and vault maps discovered:
D:1:      eino_arrival_druids_welcome, layout_basic, minmay_heptomino_h4
D:2:      layout_loops_ring, ebering_ecumenical_altar_ruins
D:3:      layout_basic, old_standard_altar, uniq_jessica
D:4:      layout_basic, minmay_temple_entry_waves, gup_sewer_entry_pipe
D:5:      layout_loops_cross, old_standard_altar, zin_purify, st_stairs_7,
          uniq_eustachio
Temple:   compressed_dpeg_triangle_lava_temple

Skill      XL: |  1  2  3  4  5  6 |
---------------+-------------------+-----
Axes           | 2 3 4 |  4.3
Fighting       | 4 |  4.7
Armour         | 4 |  4.8
Shields        | 4 |  4.6

Action                   |  1- 3 |  4- 6 |  7- 9 || total
-------------------------+-------+-------+-------++-------
Melee: War axe           |   144 |   215 |     1 ||   360
  Use: Scroll            |       |     1 |       ||     1
       Potion            |       |     1 |       ||     1
Armor: Scale mail        |    96 |    55 |       ||   151
       Chain mail        |       |    65 |     1 ||    66
Dodge: Dodged            |    73 |    99 |       ||   172
Block: Buckler           |    40 |    58 |       ||    98
